 Dungeon Crawl Stone Soup version 0.30-a0-948-g4fa250aae5 (webtiles) character file.

Game seed: 14051446224532160582

44 Syeburn the Slasher (level 3, -2/24 (31) HPs)
             Began as a Gnoll Reaver on Mar 27, 2023.
             Slain by an adder (3 damage)
             ... on level 2 of the Dungeon.
             The game lasted 00:05:37 (1536 turns).

Syeburn the Slasher (Gnoll Reaver)                  Turns: 1536, Time: 00:05:38

HP:   -2/24 (31)    AC:  3    Str: 13    XL:     3   Next: 62%
MP:   8/9           EV: 12    Int: 12    God:
Gold: 85            SH:  0    Dex: 10    Spells: 9/12 levels left

rFire   . . .      SeeInvis .    a - +0 falchion
rCold   . . .      Faith    .    (no shield)
rNeg    . . .      Spirit   .    b - +0 leather armour
rPois   .          Reflect  .    (no helmet)
rElec   .          Rampage  .    (no cloak)
rCorr   .                        (no gloves)
Will    .....                    (no boots)
Stlth   +                        (no amulet)
HPRegen 0.24/turn                (no ring)
MPRegen 0.11/turn                (no ring)

@: lethally poisoned (-2 -> -7), heavily drained
A: fangs 1, strong nose, distributed training
a: no special abilities


You were on level 2 of the Dungeon.
You visited 1 branch of the dungeon, and saw 2 of its levels.

You collected 85 gold pieces.

Inventory:

Hand Weapons
 a - a +0 falchion (weapon)
 d - a +0 club
 j - a +0 club
Missiles
 m - 6 poisoned darts
 n - a throwing net
Armour
 b - a +0 leather armour (worn)
 c - a +0 chain mail
Jewellery
 k - a ring of see invisible
Scrolls
 f - 2 scrolls of brand weapon {unknown}
 h - 2 scrolls of identify {unknown}
 i - a scroll of blinking {unknown}
 l - 2 scrolls of teleportation {unknown}
Potions
 e - a potion of heal wounds {unknown}
 g - a potion of haste {unknown}
 o - a potion of invisibility {unknown}


   Skills:
 + Level 4.5 Fighting
 + Level 0.9 Short Blades
 + Level 6.5 Long Blades
 + Level 0.9 Axes
 + Level 0.9 Maces & Flails
 + Level 0.9 Polearms
 + Level 0.9 Staves
 + Level 0.9 Ranged Weapons
 + Level 0.9 Throwing
 + Level 0.9 Armour
 + Level 4.5 Dodging
 + Level 0.9 Stealth
 + Level 0.9 Shields
 + Level 0.9 Unarmed Combat
 + Level 5.0 Spellcasting
 + Level 5.4 Conjurations
 + Level 0.6 Hexes
 + Level 0.6 Summonings
 + Level 0.6 Necromancy
 + Level 0.6 Translocations
 + Level 0.6 Transmutations
 + Level 0.6 Fire Magic
 + Level 0.6 Ice Magic
 + Level 0.6 Air Magic
 + Level 0.6 Earth Magic
 + Level 0.6 Poison Magic
 + Level 1.0 Invocations
 + Level 0.9 Evocations


You had 9 spell levels left.
You knew the following spells:

 Your Spells              Type           Power      Damage    Failure   Level
a - Kiss of Death         Conj/Necr      40%        2d8       8%          1
b - Momentum Strike       Conj/Tloc      20%        3d8       11%         2

Your spell library contained the following spells:

 Spells                   Type           Power      Damage    Failure   Level
 Dazzling Flash           Conj/Hex       20%        N/A       22%         3
 Hailstorm                Conj/Ice       10%        3d5       22%         3
 Ignite Poison            Fire/Tmut/Pois 4%         N/A       52%         3
 Iskenderun's Mystic Bla  Conj/Tloc      10%        2d4       58%         4
 Sticky Flame             Conj/Fire      10%        2d3       58%         4
 Starburst                Conj/Fire      5%         6d4       100%        6
 Ignition                 Fire           2%         3d3       100%        8


Dungeon Overview and Level Annotations

Branches:
Dungeon (2/15)

Altars:

Shops:
D:1 *   D:2 ?


Innate Abilities, Weirdness & Mutations

You have very sharp teeth.
Your uncanny sense of smell can sniff out nearby items.
Your experience applies equally to all skills.


Message History

You now have 85 gold pieces (gained 13).
An endoplasm comes into view.
You barely miss the adder.
The endoplasm quivers.
Your bite misses the adder. The adder bites you.
You hit the adder. You bite the adder.
The adder is lightly wounded.
The adder bites you.
You closely miss the adder.
The adder is lightly wounded.
The adder barely misses you. The adder bites you. The adder misses you.
The adder bites you.
You hit the adder. You bite the adder, but do no damage.
The adder is heavily wounded.
The adder bites you but does no damage. The adder bites you.
You barely miss the adder. Your bite misses the adder.
The adder is heavily wounded.
The adder bites you but does no damage. The adder closely misses you.
The adder closely misses you. x2; The adder bites you.
The adder attacks as you move away! The adder bites you.
You are poisoned.
The adder poisons you!
You feel sick.
Casting: Kiss of Death (safe; 8% risk of failure)
Confirm with . or Enter, or press ? or * to list all spells.
Aiming: Kiss of Death (safe; 8% risk of failure)
Press: ? - help, Shift-Dir - straight line, f - adder
Aim: an adder (heavily wounded, 100% to hit)
The negative energy hits the adder!
The adder is drained!
You kill the adder!
You feel drained.
You feel sick. The adder bites you.
* * * LOW HITPOINT WARNING * * *
You are lethally poisoned!
The adder poisons you!
You closely miss the adder.
* * * LOW HITPOINT WARNING * * *
You feel sick. The adder bites you but does no damage.
You miss the adder.
* * * LOW HITPOINT WARNING * * *
You feel sick. The adder bites you.
You die...

#.# #.# # #.∆.. #.# #.#
.....# #.# #.# ##.#?#.##
##.#####.# #.......## ...
......##.######..#.#...####
..##
#####.##...<...............
# #.........#.##?..[.# #
#.......#.#.##..#.###. #
#.#####.....@SJ..:....< #
#.# ###.#.##.##.###.. . ..#
#.#.##.# .# . .### #.#....#
# .... #.#.##.# .##
#....... .# ###..... # # .#
..#..# .##. .# #.# ...###


You could see an adder and an endoplasm.

Vanquished Creatures
  An adder (D:2)
  2 worms (D:2)
  2 dart slugs (D:1)
  3 endoplasms (D:1)
  A giant cockroach (D:2)
  2 goblins (D:1)
  3 hobgoblins (D:2)
  2 jackals (D:1)
  A quokka (D:1)
  A ball python (D:2)
  3 bats (D:1)
  A frilled lizard (D:1)
  2 kobolds
  2 rats (D:1)
26 creatures vanquished.

Notes
Turn   | Place    | Note
-------+----------+-------------------------------------------
     0 | D:1      | Syeburn the Gnoll Reaver began the quest for the Orb.
     0 | D:1      | Reached XP level 1. HP: 20/20 MP: 6/6
   115 | D:1      | Reached XP level 2. HP: 25/26 MP: 7/7
   154 | D:1      | Found Wassuull's General Store.
   624 | D:1      | Learned a level 2 spell: Momentum Strike
  1087 | D:2      | Reached skill level 5 in Spellcasting
  1087 | D:2      | Reached XP level 3. HP: 18/27 MP: 6/9
  1177 | D:2      | Found Gyeb's Magic Scroll Shop.
  1426 | D:2      | Reached skill level 1 in Invocations
  1536 | D:2      | HP: 1/24 [poisoned by an adder]
  1536 | D:2      | Slain by an adder

Illustrated notes

Levels and vault maps discovered:
D:1:      eino_arrival_water_cross, layout_basic, serial_shops,
          nicolae_shop_crystal, minmay_misc_feat_hallway
D:2:      layout_loops_ring, serial_shops, nicolae_shop_waterfront

Skill      XL: |  1  2  3 |
---------------+----------+-----
Spellcasting   | 5 |  5.0
Invocations    | 1 |  1.0
Fighting       | |  4.5
Short Blades   | |  0.9
Long Blades    | |  6.5
Axes           | |  0.9
Maces & Flails | |  0.9
Polearms       | |  0.9
Staves         | |  0.9
Ranged Weapons | |  0.9
Throwing       | |  0.9
Armour         | |  0.9
Dodging        | |  4.5
Stealth        | |  0.9
Shields        | |  0.9
Unarmed Combat | |  0.9
Conjurations   | |  5.4
Hexes          | |  0.6
Summonings     | |  0.6
Necromancy     | |  0.6
Translocations | |  0.6
Transmutations | |  0.6
Fire Magic     | |  0.6
Ice Magic      | |  0.6
Air Magic      | |  0.6
Earth Magic    | |  0.6
Poison Magic   | |  0.6
Evocations     | |  0.9

Action                     || total
---------------------------++-------
  Melee: Falchion          ||    84
         Bite              ||     9
   Cast: Kiss of Death     ||     2
 Armour: Leather armour    ||    17
  Dodge: Dodged            ||    53

Table legend: (Time is in decaauts)
 A = Elapsed time spent in this place.
 B = Non-inter-level travel time spent in this place.
 C = Inter-level travel time spent in this place.
 D = Time resting spent in this place.
 E = Time spent auto-exploring this place.
 F = Levels seen in this place.
 G = Mean time per level.
                   A        B        C        D        E       F      G
               +--------+--------+--------+--------+--------+-----+--------+
         Total |   1539 |   1472 |     67 |    100 |    890 |   2 |  769.5 |
       Dungeon |   1539 |   1472 |     67 |    100 |    890 |   2 |  769.5 |
               +--------+--------+--------+--------+--------+-----+--------+

Top non-repeatable levels by time:
     D:1: 1071 daAuts
     D:2: 467 daAuts
